General information
- name: BNet
- type: Ladder team game (AT/RT)
- host: Battle.net
- saver: HIGHPERCH
map: Deadlock
- players: 8
- length: 102:51
- speed: Fast
- version: 1.21 W3XP
- replay type:

» download(732 KB)
Players
team 1 (loser)
NastyNig (
yellow | 30 APM | 3107 actions | 102:50)
2 Death Knight
1 Death Coil
1 Unholy Aura
4 Dark Ranger
2 Black Arrow
2 Life Drain
» actions
| Assign group hotkey | 82 | |
| Basic commands | 101 | |
| Build / train | 39 | |
| ESC pressed | 3 | |
| Enter build submenu | 16 | |
| Enter hero's abilities submenu | 6 | |
| Give item / drop item | 1 | |
| Right click | 1748 | |
| Select / deselect | 696 | |
| Select group hotkey | 347 | |
| Use ability | 68 | |
3107 total
» units
| Acolyte | 7 | |
| Ghoul | 3 | |
| Crypt Fiend | 12 | |
| Obsidian Statue | 1 | |
23 total
» upgrades
» buildings
| Graveyard | 1 | |
| Crypt | 2 | |
| Altar of Darkness | 1 | |
| Ziggurat | 8 | |
| Tomb of Relics | 1 | |
| Nerubian Tower | 1 | |
| Halls of the Dead | 1 | |
| Slaughterhouse | 1 | |
| Black Citadel | 1 | |
| Sacrificial Pit | 1 | |
18 total
» build order
00:08 Graveyard
00:10 Crypt
00:35 Altar of Darkness
00:47 Ziggurat
01:25 Tomb of Relics
01:55 Ziggurat
02:00 Nerubian Tower
04:59 Halls of the Dead
06:31 Ziggurat
07:22 Ziggurat
09:37 Slaughterhouse
09:48 Crypt
09:56 Ziggurat
09:57 Ziggurat
12:57 Black Citadel
13:22 Sacrificial Pit
14:27 Ziggurat
14:32 Ziggurat
» items
| Rod of Necromancy | 1 | |
| Dust of Appearance | 1 | |
2 total
Pinnacle[cF] (
orange | 52 APM | 5166 actions | 98:33)
6 Keeper of the Grove
1 Force of Nature
3 Entangling Roots
1 Thorns Aura
1 Tranquility
6 Dark Ranger
3 Black Arrow
2 Silence
1 Charm
5 Priestess of the Moon
2 Scout
3 Trueshot Aura
» actions
| Assign group hotkey | 116 | |
| Basic commands | 2 | |
| Build / train | 218 | |
| Enter build submenu | 31 | |
| Enter hero's abilities submenu | 17 | |
| Give item / drop item | 6 | |
| Right click | 1806 | |
| Select / deselect | 755 | |
| Select group hotkey | 1955 | |
| Use ability | 260 | |
5166 total
» units
| Wisp | 63 | |
| Huntress | 5 | |
| Faerie Dragon | 5 | |
| Druid of the Talon | 8 | |
| Hippogryph | 52 | |
| Chimaera | 12 | |
| Glaive Thrower | 1 | |
| Razormane Medicine Man | 6 | |
| Dryad | 8 | |
160 total
» upgrades
| Reinforced Hides | 3 | |
| Strength of the Wild | 5 | |
| Corrosive Breath | 1 | |
| Ultravision | 1 | |
| Well Spring | 1 | |
| Nature's Blessing | 1 | |
| Druid of the Talon Training | 2 | |
| Mark of the Talon | 1 | |
| Abolish Magic | 1 | |
16 total
» buildings
| Altar of Elders | 3 | |
| Moon Well | 9 | |
| Hunter's Hall | 1 | |
| Ancient of War | 1 | |
| Tree of Ages | 1 | |
| Ancient of Wonders | 1 | |
| Tree of Life | 7 | |
| Tree of Eternity | 1 | |
| Ancient of Wind | 1 | |
| Chimaera Roost | 1 | |
| Ancient Protector | 5 | |
| Ancient of Lore | 1 | |
32 total
» build order
00:10 Altar of Elders
00:15 Moon Well
01:27 Hunter's Hall
01:50 Ancient of War
02:06 Moon Well
02:58 Moon Well
04:11 Tree of Ages
05:46 Moon Well
05:49 Ancient of Wonders
06:08 Tree of Life
06:37 Tree of Eternity
06:42 Ancient of Wind
09:02 Chimaera Roost
09:22 Moon Well
11:51 Tree of Life
18:02 Tree of Life
19:40 Ancient Protector
21:23 Tree of Life
26:15 Tree of Life
29:02 Tree of Life
29:42 Ancient Protector
29:47 Ancient Protector
30:55 Tree of Life
41:35 Ancient Protector
47:09 Moon Well
50:32 Altar of Elders
52:04 Ancient Protector
53:35 Ancient of Lore
68:34 Moon Well
69:59 Moon Well
72:46 Altar of Elders
73:24 Moon Well
» items
| Orb of Venom | 3 | |
| Scroll of Town Portal | 10 | |
| Scroll of Protection | 1 | |
| Potion of Mana | 3 | |
| Staff of Preservation | 1 | |
| Potion of Healing | 1 | |
19 total
RolanD. (
purple | 47 APM | 4798 actions | 101:08)
7 Tauren Chieftain
3 Shockwave
3 Endurance Aura
1 Reincarnation
6 Shadow Hunter
3 Healing Wave
1 Serpent Ward
1 Hex
1 Big Bad Voodoo
» actions
| Assign group hotkey | 109 | |
| Basic commands | 77 | |
| Build / train | 130 | |
| ESC pressed | 5 | |
| Enter build submenu | 181 | |
| Enter hero's abilities submenu | 13 | |
| Give item / drop item | 4 | |
| Right click | 2253 | |
| Select / deselect | 893 | |
| Select group hotkey | 553 | |
| Use ability | 580 | |
4798 total
» units
| Peon | 31 | |
| Grunt | 5 | |
| Centaur Outrunner | 1 | |
| Harpy Rogue | 1 | |
| Spirit Walker | 8 | |
| Tauren | 7 | |
| Demolisher | 7 | |
| Troll Batrider | 19 | |
| Troll Witch Doctor | 7 | |
86 total
» upgrades
| Spirit Walker Training | 2 | |
| Pulverize | 1 | |
| Melee Weapons | 2 | |
| Armor | 1 | |
| Ranged Weapons | 1 | |
| Witch Doctor Training | 2 | |
| Reinforced Defenses | 1 | |
10 total
» buildings
| Altar of Storms | 1 | |
| Orc Burrow | 8 | |
| Barracks | 1 | |
| Voodoo Lounge | 1 | |
| Stronghold | 1 | |
| War Mill | 1 | |
| Spirit Lodge | 1 | |
| Fortress | 1 | |
| Great Hall | 7 | |
| Tauren Totem | 2 | |
| Watch Tower | 142 | |
| Beastiary | 3 | |
169 total
» build order
00:07 Altar of Storms
00:13 Orc Burrow
00:37 Barracks
01:32 Orc Burrow
02:00 Voodoo Lounge
03:48 Stronghold
04:26 Orc Burrow
04:29 War Mill
06:21 Spirit Lodge
06:32 Fortress
07:43 Orc Burrow
07:44 Orc Burrow
07:49 Orc Burrow
08:20 Great Hall
09:24 Tauren Totem
09:26 Tauren Totem
16:27 Watch Tower
16:27 Watch Tower
16:28 Watch Tower
16:29 Watch Tower
16:33 Watch Tower
17:49 Watch Tower
17:50 Watch Tower
20:10 Orc Burrow
22:04 Orc Burrow
23:21 Watch Tower
23:21 Watch Tower
23:22 Watch Tower
23:22 Watch Tower
23:23 Watch Tower
23:25 Watch Tower
23:26 Watch Tower
23:27 Watch Tower
23:27 Watch Tower
26:39 Watch Tower
26:40 Watch Tower
26:41 Watch Tower
26:42 Watch Tower
27:02 Watch Tower
28:18 Watch Tower
28:19 Watch Tower
28:21 Watch Tower
30:16 Great Hall
31:32 Watch Tower
31:32 Watch Tower
31:33 Watch Tower
31:38 Watch Tower
31:38 Watch Tower
31:39 Watch Tower
31:40 Watch Tower
31:41 Watch Tower
33:33 Watch Tower
33:33 Watch Tower
33:38 Watch Tower
33:38 Watch Tower
33:39 Watch Tower
33:45 Watch Tower
33:46 Watch Tower
33:46 Watch Tower
35:22 Watch Tower
35:23 Watch Tower
35:27 Beastiary
35:27 Beastiary
36:40 Watch Tower
36:41 Watch Tower
36:44 Watch Tower
36:46 Watch Tower
38:48 Great Hall
40:10 Great Hall
40:13 Watch Tower
40:19 Great Hall
40:48 Watch Tower
42:01 Watch Tower
42:06 Watch Tower
42:07 Watch Tower
42:09 Watch Tower
42:12 Watch Tower
43:07 Watch Tower
43:13 Watch Tower
43:47 Watch Tower
43:48 Watch Tower
43:48 Watch Tower
43:49 Watch Tower
44:42 Watch Tower
44:42 Watch Tower
44:43 Watch Tower
44:44 Watch Tower
44:45 Watch Tower
45:24 Watch Tower
45:25 Watch Tower
45:28 Watch Tower
45:30 Watch Tower
45:31 Watch Tower
47:34 Watch Tower
47:34 Watch Tower
47:35 Watch Tower
47:35 Watch Tower
49:22 Watch Tower
49:22 Watch Tower
49:22 Watch Tower
49:23 Watch Tower
49:23 Watch Tower
49:24 Watch Tower
51:41 Watch Tower
51:41 Watch Tower
54:21 Watch Tower
54:21 Watch Tower
54:21 Watch Tower
54:22 Watch Tower
54:23 Watch Tower
54:25 Watch Tower
55:37 Watch Tower
55:37 Watch Tower
55:38 Watch Tower
55:39 Watch Tower
55:40 Watch Tower
56:34 Great Hall
57:17 Watch Tower
57:17 Watch Tower
57:17 Watch Tower
57:56 Watch Tower
57:59 Watch Tower
58:00 Watch Tower
59:00 Great Hall
59:07 Watch Tower
59:12 Watch Tower
59:13 Watch Tower
59:13 Watch Tower
59:33 Watch Tower
60:18 Watch Tower
60:25 Watch Tower
60:53 Watch Tower
62:00 Watch Tower
62:01 Watch Tower
63:55 Watch Tower
63:56 Watch Tower
64:02 Watch Tower
64:03 Watch Tower
64:04 Watch Tower
64:05 Watch Tower
64:07 Watch Tower
65:26 Beastiary
65:30 Watch Tower
65:30 Watch Tower
65:33 Watch Tower
65:34 Watch Tower
66:47 Watch Tower
66:47 Watch Tower
66:52 Watch Tower
66:52 Watch Tower
66:54 Watch Tower
66:54 Watch Tower
66:55 Watch Tower
67:53 Watch Tower
67:54 Watch Tower
67:58 Watch Tower
68:00 Watch Tower
68:02 Watch Tower
70:29 Watch Tower
70:30 Watch Tower
70:32 Watch Tower
70:34 Watch Tower
73:55 Watch Tower
73:56 Watch Tower
73:56 Watch Tower
73:58 Watch Tower
73:59 Watch Tower
79:11 Watch Tower
79:15 Watch Tower
» items
| Healing Salve | 2 | |
| Lesser Clarity Potion | 3 | |
| Orb of Lightning | 1 | |
| Potion of Healing | 1 | |
| Potion of Lesser Invulnerability | 2 | |
| Circlet of Nobility | 2 | |
| Periapt of Vitality | 2 | |
| Boots of Speed | 2 | |
| Potion of Invisibility | 1 | |
16 total

»
VeNat. (
red | 35 APM | 3481 actions | 98:46)
7 Archmage
3 Blizzard
3 Brilliance Aura
1 Mass Teleport
2 Blood Mage
1 Flame Strike
1 Banish
» actions
| Assign group hotkey | 1 | |
| Basic commands | 164 | |
| Build / train | 200 | |
| Enter build submenu | 48 | |
| Enter hero's abilities submenu | 9 | |
| Right click | 1753 | |
| Select / deselect | 1164 | |
| Use ability | 142 | |
3481 total
» units
| Peasant | 43 | |
| Rifleman | 38 | |
| Mortar Team | 28 | |
| Sorceress | 17 | |
| Dragonhawk Rider | 9 | |
| Flying Machine | 21 | |
156 total
» upgrades
| Lumber Harvesting | 1 | |
| Flare | 1 | |
| Gunpowder | 3 | |
| Long Rifles | 1 | |
| Magic Sentry | 1 | |
| Sorceress Training | 1 | |
| Masonry | 1 | |
| Fragmentation Shards | 1 | |
| Flak Cannons | 1 | |
11 total
» buildings
| Altar of Kings | 1 | |
| Farm | 11 | |
| Blacksmith | 1 | |
| Barracks | 1 | |
| Keep | 1 | |
| Workshop | 2 | |
| Arcane Sanctum | 1 | |
| Lumber Mill | 1 | |
| Town Hall | 4 | |
| Scout Tower | 21 | |
| Arcane Tower | 1 | |
| Guard Tower | 14 | |
| Gryphon Aviary | 1 | |
| Arcane Vault | 1 | |
| Castle | 1 | |
62 total
» build order
00:08 Altar of Kings
00:36 Farm
00:59 Blacksmith
01:08 Barracks
01:36 Farm
01:46 Farm
02:47 Farm
03:40 Keep
04:38 Farm
05:59 Farm
06:02 Farm
06:11 Workshop
06:14 Arcane Sanctum
07:35 Lumber Mill
07:57 Town Hall
09:18 Farm
09:22 Farm
11:08 Scout Tower
11:11 Scout Tower
11:42 Arcane Tower
11:44 Guard Tower
12:37 Workshop
13:14 Gryphon Aviary
14:22 Arcane Vault
15:36 Scout Tower
15:39 Scout Tower
15:41 Scout Tower
15:43 Scout Tower
15:45 Scout Tower
15:50 Scout Tower
15:52 Scout Tower
15:54 Scout Tower
15:57 Scout Tower
16:03 Scout Tower
16:06 Guard Tower
16:08 Scout Tower
16:13 Guard Tower
16:14 Guard Tower
16:20 Guard Tower
16:25 Guard Tower
16:43 Guard Tower
16:59 Guard Tower
17:04 Guard Tower
18:14 Scout Tower
19:01 Guard Tower
28:13 Town Hall
34:40 Town Hall
37:23 Town Hall
41:08 Scout Tower
41:13 Scout Tower
42:10 Scout Tower
42:47 Guard Tower
45:56 Scout Tower
46:02 Scout Tower
46:08 Scout Tower
46:15 Scout Tower
46:37 Guard Tower
46:38 Guard Tower
46:49 Guard Tower
58:30 Castle
66:03 Farm
66:22 Farm
» items
| Scroll of Regeneration | 1 | |
| Scroll of Town Portal | 2 | |
| Scroll of Speed | 1 | |
4 total
team 2 (winner)
Gobiner (
blue | 48 APM | 4973 actions | 102:49)
10 Blademaster
3 Wind Walk
3 Critical Strike
1 Bladestorm
3 Mirror Image
» actions
| Assign group hotkey | 26 | |
| Basic commands | 48 | |
| Build / train | 137 | |
| ESC pressed | 1 | |
| Enter build submenu | 40 | |
| Enter hero's abilities submenu | 10 | |
| Give item / drop item | 21 | |
| Right click | 2619 | |
| Select / deselect | 458 | |
| Select group hotkey | 1169 | |
| Use ability | 444 | |
4973 total
» units
» upgrades
| Liquid Fire | 1 | |
| Reinforced Defenses | 1 | |
| Ranged Weapons | 3 | |
| Armor | 3 | |
| Troll Regeneration | 1 | |
| Spiked Barricades | 1 | |
10 total
» buildings
| Altar of Storms | 2 | |
| Orc Burrow | 5 | |
| War Mill | 1 | |
| Watch Tower | 35 | |
| Voodoo Lounge | 1 | |
| Stronghold | 2 | |
| Fortress | 1 | |
| Beastiary | 2 | |
| Barracks | 1 | |
| Great Hall | 2 | |
52 total
» build order
00:09 Altar of Storms
00:15 Orc Burrow
00:30 War Mill
01:45 Watch Tower
01:52 Voodoo Lounge
02:14 Watch Tower
02:31 Orc Burrow
02:56 Watch Tower
03:33 Watch Tower
03:41 Watch Tower
04:27 Watch Tower
04:48 Stronghold
05:00 Watch Tower
05:42 Watch Tower
05:51 Orc Burrow
05:53 Orc Burrow
06:37 Watch Tower
06:39 Watch Tower
07:08 Fortress
07:12 Beastiary
07:14 Beastiary
08:00 Watch Tower
08:04 Watch Tower
09:54 Watch Tower
11:00 Watch Tower
11:04 Watch Tower
12:08 Watch Tower
16:04 Watch Tower
16:05 Watch Tower
18:10 Watch Tower
18:10 Watch Tower
18:11 Watch Tower
18:12 Watch Tower
18:13 Watch Tower
18:14 Watch Tower
18:15 Watch Tower
18:16 Watch Tower
18:17 Watch Tower
18:17 Watch Tower
18:18 Watch Tower
18:19 Watch Tower
19:54 Barracks
22:56 Great Hall
24:35 Watch Tower
24:36 Watch Tower
25:41 Watch Tower
25:41 Watch Tower
29:41 Great Hall
30:39 Watch Tower
75:26 Altar of Storms
76:39 Orc Burrow
» items
| Lesser Clarity Potion | 22 | |
| Healing Salve | 9 | |
| Boots of Speed | 1 | |
| Staff of Teleportation | 1 | |
| Orb of Lightning | 1 | |
| Scroll of Town Portal | 5 | |
| Potion of Lesser Invulnerability | 1 | |
| Potion of Mana | 3 | |
43 total
HIGHPERCH (
teal | 145 APM | 14887 actions | 102:51)
10 Archmage
3 Blizzard
3 Brilliance Aura
1 Mass Teleport
3 Summon Water Elemental
» actions
| Assign group hotkey | 70 | |
| Basic commands | 17 | |
| Build / train | 248 | |
| Enter build submenu | 129 | |
| Enter hero's abilities submenu | 11 | |
| Give item / drop item | 1 | |
| Right click | 7035 | |
| Select / deselect | 1020 | |
| Select group hotkey | 5683 | |
| Use ability | 673 | |
14887 total
» units
| Peasant | 23 | |
| Dragonhawk Rider | 33 | |
| Priest | 1 | |
| Gryphon Rider | 14 | |
71 total
» upgrades
| Masonry | 3 | |
| Lumber Harvesting | 1 | |
| Gunpowder | 1 | |
| Animal War Training | 1 | |
| Swords | 3 | |
| Armor | 3 | |
| Cloud | 1 | |
| Magic Sentry | 1 | |
| Priest Training | 1 | |
| Storm Hammers | 1 | |
16 total
» buildings
| Altar of Kings | 1 | |
| Farm | 13 | |
| Lumber Mill | 1 | |
| Arcane Vault | 2 | |
| Scout Tower | 144 | |
| Guard Tower | 107 | |
| Arcane Tower | 8 | |
| Keep | 2 | |
| Gryphon Aviary | 2 | |
| Town Hall | 4 | |
| Castle | 1 | |
| Blacksmith | 1 | |
| Barracks | 1 | |
| Arcane Sanctum | 1 | |
288 total
» build order
00:09 Altar of Kings
00:21 Farm
00:37 Lumber Mill
00:57 Farm
01:01 Arcane Vault
01:32 Scout Tower
01:36 Scout Tower
01:38 Scout Tower
01:57 Scout Tower
02:01 Scout Tower
02:02 Guard Tower
02:04 Scout Tower
02:05 Arcane Tower
02:16 Guard Tower
02:32 Scout Tower
02:34 Scout Tower
02:35 Guard Tower
02:35 Guard Tower
02:54 Guard Tower
02:55 Scout Tower
02:56 Scout Tower
03:18 Guard Tower
03:21 Scout Tower
03:22 Scout Tower
03:28 Scout Tower
03:30 Scout Tower
03:32 Keep
03:32 Keep
03:41 Guard Tower
03:46 Arcane Tower
03:47 Arcane Tower
03:47 Arcane Tower
03:50 Scout Tower
03:52 Scout Tower
04:00 Guard Tower
04:00 Guard Tower
04:10 Guard Tower
04:11 Guard Tower
04:12 Scout Tower
04:13 Scout Tower
04:25 Guard Tower
04:28 Scout Tower
04:29 Scout Tower
04:31 Scout Tower
04:33 Scout Tower
04:34 Guard Tower
05:00 Guard Tower
05:02 Guard Tower
05:08 Farm
05:28 Guard Tower
05:35 Guard Tower
05:38 Guard Tower
05:38 Guard Tower
05:38 Guard Tower
05:40 Scout Tower
05:44 Scout Tower
05:56 Gryphon Aviary
06:02 Arcane Vault
06:21 Guard Tower
06:24 Guard Tower
06:26 Scout Tower
06:29 Scout Tower
07:31 Town Hall
07:36 Scout Tower
07:37 Scout Tower
07:37 Scout Tower
07:38 Scout Tower
08:10 Guard Tower
08:13 Guard Tower
08:54 Farm
09:23 Guard Tower
09:30 Farm
09:32 Castle
09:36 Blacksmith
09:59 Scout Tower
10:01 Scout Tower
10:02 Scout Tower
10:43 Guard Tower
10:46 Farm
10:47 Farm
11:05 Guard Tower
11:31 Guard Tower
11:50 Barracks
11:57 Scout Tower
11:58 Scout Tower
12:07 Scout Tower
12:12 Scout Tower
12:13 Scout Tower
12:13 Scout Tower
12:14 Scout Tower
12:15 Scout Tower
12:21 Scout Tower
12:24 Scout Tower
12:24 Scout Tower
12:26 Scout Tower
12:37 Guard Tower
12:38 Scout Tower
12:39 Scout Tower
12:45 Scout Tower
12:46 Scout Tower
12:49 Guard Tower
12:50 Guard Tower
12:50 Guard Tower
12:51 Guard Tower
12:57 Guard Tower
12:58 Guard Tower
13:13 Guard Tower
13:15 Guard Tower
13:15 Arcane Tower
13:18 Scout Tower
13:28 Scout Tower
13:28 Scout Tower
13:29 Guard Tower
13:38 Arcane Tower
13:38 Guard Tower
13:40 Scout Tower
13:42 Scout Tower
13:44 Scout Tower
13:51 Guard Tower
13:51 Guard Tower
14:06 Guard Tower
14:07 Guard Tower
14:10 Scout Tower
14:11 Scout Tower
14:31 Guard Tower
14:31 Guard Tower
14:32 Guard Tower
14:42 Guard Tower
14:42 Guard Tower
14:48 Guard Tower
14:50 Town Hall
14:51 Scout Tower
14:52 Scout Tower
15:24 Guard Tower
15:38 Scout Tower
15:40 Scout Tower
15:47 Guard Tower
15:58 Guard Tower
16:27 Guard Tower
16:45 Guard Tower
17:13 Scout Tower
17:13 Scout Tower
17:14 Scout Tower
17:39 Scout Tower
17:40 Scout Tower
18:32 Guard Tower
18:34 Scout Tower
18:35 Scout Tower
18:36 Scout Tower
18:38 Scout Tower
18:39 Scout Tower
18:40 Scout Tower
18:40 Scout Tower
18:40 Scout Tower
18:41 Scout Tower
19:34 Guard Tower
20:22 Guard Tower
20:28 Scout Tower
20:28 Scout Tower
20:28 Scout Tower
21:50 Scout Tower
21:51 Scout Tower
21:54 Town Hall
21:56 Scout Tower
21:57 Scout Tower
21:59 Scout Tower
23:09 Guard Tower
23:11 Scout Tower
23:12 Scout Tower
23:12 Scout Tower
23:13 Scout Tower
23:14 Scout Tower
23:15 Scout Tower
23:16 Scout Tower
23:16 Scout Tower
23:17 Scout Tower
23:18 Scout Tower
23:18 Scout Tower
23:44 Guard Tower
23:46 Guard Tower
23:48 Scout Tower
23:49 Scout Tower
23:50 Scout Tower
23:51 Scout Tower
24:35 Guard Tower
24:39 Guard Tower
27:51 Scout Tower
27:52 Scout Tower
27:52 Scout Tower
27:53 Scout Tower
28:13 Guard Tower
28:25 Guard Tower
28:45 Guard Tower
29:02 Guard Tower
29:03 Guard Tower
29:39 Scout Tower
29:39 Scout Tower
29:40 Scout Tower
29:41 Scout Tower
29:41 Scout Tower
29:42 Scout Tower
30:31 Guard Tower
30:37 Guard Tower
30:41 Guard Tower
30:41 Guard Tower
30:42 Guard Tower
31:02 Scout Tower
31:03 Scout Tower
31:04 Scout Tower
31:16 Scout Tower
31:17 Scout Tower
31:18 Scout Tower
31:30 Guard Tower
31:35 Guard Tower
32:01 Guard Tower
32:01 Guard Tower
32:13 Guard Tower
32:17 Guard Tower
32:17 Guard Tower
32:45 Guard Tower
33:11 Guard Tower
33:20 Scout Tower
33:20 Scout Tower
33:21 Scout Tower
33:22 Scout Tower
33:26 Scout Tower
33:27 Scout Tower
33:27 Scout Tower
34:10 Guard Tower
34:14 Guard Tower
34:17 Guard Tower
34:44 Guard Tower
34:54 Guard Tower
36:30 Guard Tower
39:00 Scout Tower
39:03 Scout Tower
40:41 Arcane Sanctum
45:29 Town Hall
50:57 Gryphon Aviary
50:59 Farm
51:00 Farm
51:01 Farm
51:01 Farm
52:54 Scout Tower
52:55 Scout Tower
52:55 Scout Tower
52:56 Scout Tower
52:57 Scout Tower
52:58 Scout Tower
52:59 Scout Tower
53:00 Scout Tower
53:01 Scout Tower
53:01 Scout Tower
53:03 Scout Tower
53:04 Scout Tower
53:05 Scout Tower
53:05 Scout Tower
53:06 Scout Tower
53:08 Scout Tower
53:09 Scout Tower
53:10 Scout Tower
53:11 Scout Tower
53:12 Scout Tower
53:13 Scout Tower
53:25 Guard Tower
53:25 Guard Tower
53:26 Guard Tower
53:27 Guard Tower
53:48 Guard Tower
53:51 Guard Tower
53:55 Guard Tower
53:55 Guard Tower
53:57 Guard Tower
53:57 Guard Tower
54:02 Arcane Tower
54:06 Guard Tower
54:09 Guard Tower
54:25 Guard Tower
54:25 Guard Tower
54:29 Guard Tower
54:32 Guard Tower
64:26 Farm
64:26 Farm
» items
| Healing Salve | 5 | |
| Boots of Speed | 1 | |
| Staff of Teleportation | 1 | |
| Scroll of Regeneration | 5 | |
| Scroll of Town Portal | 14 | |
| Staff of Sanctuary | 2 | |
| Potion of Invisibility | 1 | |
29 total

»
TIMG4STRok (
green | 93 APM | 9593 actions | 102:50)
9 Keeper of the Grove
3 Entangling Roots
3 Thorns Aura
1 Tranquility
2 Force of Nature
7 Demon Hunter
3 Mana Burn
3 Evasion
1 Metamorphosis
» actions
| Assign group hotkey | 17 | |
| Basic commands | 128 | |
| Build / train | 108 | |
| ESC pressed | 8 | |
| Enter build submenu | 44 | |
| Enter hero's abilities submenu | 17 | |
| Give item / drop item | 2 | |
| Right click | 5487 | |
| Select / deselect | 638 | |
| Select group hotkey | 2687 | |
| Use ability | 457 | |
9593 total
» units
» upgrades
| Ultravision | 1 | |
| Strength of the Wild | 3 | |
| Reinforced Hides | 2 | |
| Nature's Blessing | 1 | |
| Well Spring | 1 | |
| Corrosive Breath | 1 | |
9 total
» buildings
| Altar of Elders | 3 | |
| Moon Well | 19 | |
| Tree of Ages | 2 | |
| Hunter's Hall | 1 | |
| Ancient of Wonders | 2 | |
| Tree of Eternity | 2 | |
| Ancient of Wind | 2 | |
| Chimaera Roost | 6 | |
| Tree of Life | 5 | |
42 total
» build order
00:14 Altar of Elders
00:18 Moon Well
00:30 Moon Well
04:25 Tree of Ages
04:41 Hunter's Hall
05:24 Moon Well
06:41 Ancient of Wonders
07:32 Tree of Eternity
07:34 Ancient of Wind
07:40 Moon Well
07:42 Moon Well
07:44 Moon Well
08:03 Moon Well
10:07 Chimaera Roost
10:29 Chimaera Roost
11:13 Tree of Life
16:14 Chimaera Roost
16:14 Chimaera Roost
16:40 Altar of Elders
17:03 Moon Well
17:04 Moon Well
18:08 Moon Well
22:21 Tree of Life
27:03 Moon Well
28:55 Moon Well
30:50 Moon Well
31:08 Altar of Elders
32:54 Tree of Life
34:16 Moon Well
34:51 Moon Well
38:16 Tree of Ages
38:56 Tree of Life
40:06 Moon Well
40:07 Moon Well
41:44 Ancient of Wonders
44:01 Tree of Eternity
47:24 Ancient of Wind
51:08 Chimaera Roost
51:09 Chimaera Roost
51:35 Moon Well
51:37 Moon Well
52:21 Tree of Life
» items
| Staff of Teleportation | 2 | |
| Boots of Speed | 2 | |
| Orb of Venom | 1 | |
| Scroll of Town Portal | 6 | |
| Staff of Sanctuary | 2 | |
| Orb of Lightning | 1 | |
14 total
westonb (
pink | 14 APM | 1402 actions | 102:49)
3 Archmage
2 Blizzard
1 Brilliance Aura
3 Paladin
2 Holy Light
1 Divine Shield
» actions
| Assign group hotkey | 4 | |
| Basic commands | 29 | |
| Build / train | 65 | |
| ESC pressed | 14 | |
| Enter build submenu | 37 | |
| Enter hero's abilities submenu | 6 | |
| Remove unit from queue | 2 | |
| Right click | 705 | |
| Select / deselect | 422 | |
| Select group hotkey | 21 | |
| Use ability | 97 | |
1402 total
» units
| Peasant | 16 | |
| Sorceress | 1 | |
| Priest | 1 | |
| Mortar Team | 2 | |
20 total
» upgrades
| Masonry | 2 | |
| Gunpowder | 2 | |
| Magic Sentry | 1 | |
| Sorceress Training | 1 | |
| Priest Training | 1 | |
| Armor | 1 | |
| Lumber Harvesting | 1 | |
9 total
» buildings
| Altar of Kings | 1 | |
| Farm | 6 | |
| Lumber Mill | 1 | |
| Scout Tower | 25 | |
| Arcane Tower | 1 | |
| Guard Tower | 16 | |
| Keep | 1 | |
| Arcane Vault | 1 | |
| Blacksmith | 2 | |
| Arcane Sanctum | 1 | |
| Castle | 1 | |
| Town Hall | 1 | |
| Workshop | 2 | |
59 total
» build order
00:04 Altar of Kings
00:05 Farm
00:27 Lumber Mill
00:41 Scout Tower
01:14 Scout Tower
01:21 Arcane Tower
01:42 Scout Tower
01:58 Farm
02:04 Guard Tower
02:24 Farm
02:27 Guard Tower
03:24 Scout Tower
03:25 Scout Tower
03:48 Scout Tower
03:59 Guard Tower
04:07 Keep
04:15 Arcane Vault
04:20 Guard Tower
04:24 Scout Tower
04:30 Scout Tower
04:41 Guard Tower
05:02 Guard Tower
05:05 Scout Tower
05:11 Scout Tower
05:33 Farm
05:40 Blacksmith
05:53 Blacksmith
05:54 Guard Tower
05:59 Scout Tower
06:01 Guard Tower
06:05 Scout Tower
06:33 Guard Tower
06:35 Guard Tower
07:22 Arcane Sanctum
08:29 Scout Tower
08:30 Scout Tower
10:13 Farm
10:14 Farm
12:10 Scout Tower
13:11 Guard Tower
13:13 Scout Tower
13:15 Castle
14:41 Guard Tower
14:44 Scout Tower
15:49 Guard Tower
15:56 Town Hall
17:13 Scout Tower
17:53 Scout Tower
17:54 Scout Tower
17:55 Scout Tower
17:56 Guard Tower
18:06 Scout Tower
18:08 Scout Tower
18:12 Workshop
18:17 Workshop
18:26 Guard Tower
18:27 Guard Tower
18:35 Scout Tower
18:36 Scout Tower
» items
| Potion of Healing | 1 | |
| Scroll of Regeneration | 1 | |
| Lesser Clarity Potion | 1 | |
| Staff of Teleportation | 1 | |
| Boots of Speed | 1 | |
| Staff of Sanctuary | 1 | |
| Scroll of Town Portal | 1 | |
7 total
Chat log
(00:12 / Allies) westonb: oh boy
(00:20 / Allies) westonb: i'm on an edge
(01:18 / Allies) westonb: scouted
(23:17 / Allies) westonb: im out
(29:13 / Allies) westonb: scouted with morts
(29:19 / Allies) westonb: aye
(31:38 / Allies) westonb: bats are up
(32:56 / Allies) westonb: bear, no scan?
(33:06 / Allies) westonb: was just curious about the expos
(34:31 / Allies) westonb: hes got a tp anyways
(37:11 / Allies) westonb: oic
(39:21 / Allies) westonb: gob can i micro your bats for that unguarded orange expo top?
(40:49 / Allies) westonb: 15 is enough to throw bombs
(40:51 / Allies) westonb: and sui
(42:04 / Allies) westonb: probably empty huh
(43:17 / Allies) westonb: it would be pretty sweet if the shackled units went with the tp
(43:30 / Allies) westonb: shackle, staff GG
(43:33 / Allies) westonb: yeah... i guess too imba
(45:47 / Allies) westonb: does mass tp give invuln?
(45:53 / Allies) westonb: oic
(47:15 / Allies) westonb: this one has not been bothered recently i believe
(51:06 / Allies) westonb: massing wards it seems
(54:31 / Allies) westonb: may i scout with a wbhisp timg
(54:33 / Allies) Gobiner: phone
(55:44 / Allies) TIMG4STRok: bat
(55:47 / Allies) westonb: are those just the pigs?
(55:51 / Allies) westonb: with the wards
(57:25 / Allies) westonb: can i bring gobs bats?
(57:30 / Allies) westonb: hes on the phone i believe
(57:37 / Allies) westonb: oh nvm
(58:23 / Allies) westonb: it only had 100 gold
(58:50 / Allies) westonb: pro
(58:55 / Allies) westonb: wow
(59:37 / Allies) westonb: wards
(63:58 / Allies) westonb: gob has a lot of resources that may be lost
(64:16 / All) RolanD.: it was fun and all but gg?
(64:20 / All) TIMG4STRok: yeah leave
(64:39 / All) RolanD.: gonna waste even more time?
(67:11 / Allies) westonb: i saw some bats
(69:14 / Allies) westonb: so orange can't revive?
(69:35 / Allies) westonb: 2 in addition to the charm?
(71:06 / Allies) westonb: but charm
(71:53 / Allies) westonb: they coming
(72:01 / Allies) westonb: red coming from the right
(72:40 / All) TIMG4STRok: sorry kids fun time is over
(72:45 / All) TIMG4STRok: is timg time now
(72:51 / All) TIMG4STRok: timg4timgtime
(72:54 / Allies) westonb: just 1 to charm timg?
(73:06 / Allies) westonb: i meant total
(73:21 / Allies) westonb: i meant in that battle
(73:33 / Allies) westonb: train
(73:33 / Allies) westonb: gob
(73:39 / Allies) westonb: peon train
(74:46 / Allies) westonb: the little bat that could
(75:22 / Allies) westonb: if a peon is holding gold when it dies, does that 10 gold just disappear?
(75:33 / Allies) Gobiner: ya
(76:00 / Allies) westonb: is their am dead?
(76:15 / Allies) westonb: they are just training peons there
(77:18 / Allies) westonb: am is there
(77:25 / Allies) westonb: hood
(77:30 / Allies) westonb: er cloak
(78:31 / Allies) westonb: they seem to be making their last stand at that expo
(79:08 / Allies) westonb: it was at 1000 before
(79:13 / Allies) westonb: so they stopped
(80:09 / Allies) westonb: see bear, you just needed me to die
(80:11 / Allies) westonb: and you guys won
(81:04 / All) RolanD.: were in the middle might as well attack us
(81:09 / All) HIGHPERCH: gl hf
(81:09 / All) TIMG4STRok: nope
(81:48 / All) Gobiner: you know where we are
(81:53 / All) RolanD.: afk
(81:54 / All) Gobiner: why don't you fight us
(82:03 / All) Gobiner: or are too noob to fight without towers
(82:08 / Allies) westonb: i dont think they are going to
(82:12 / All) VeNat.: ^lol
(82:14 / All) NastyNig: coming from tower strat themselves
(82:19 / All) TIMG4STRok: huh
(82:25 / All) Gobiner: you sound angry about losing
(82:32 / All) RolanD.: lol
(82:39 / All) RolanD.: were not losing
(82:59 / All) Gobiner: lost all your bases nubs
(83:06 / All) RolanD.: right
(83:12 / All) RolanD.: and we needed them?
(83:26 / All) VeNat.: i needz my lumber millz
(83:44 / All) Gobiner: why are you harvesting gold with no buildings to build units??
(84:10 / Allies) westonb: they have 1 beastiary
(84:22 / All) VeNat.: to makez moar towers n stuff
(84:24 / All) VeNat.: u should know
(84:25 / All) VeNat.: ^^
(84:27 / All) NastyNig: u are one retarted kid
(84:36 / All) HIGHPERCH: hey
(84:37 / All) HIGHPERCH: 4chan filth
(84:40 / All) HIGHPERCH: shut your Gay Mouth
(84:53 / Allies) Gobiner: afk brb
(84:58 / All) NastyNig: daaa good one man
(85:19 / Allies) Gobiner: bax
(85:57 / Allies) westonb: they had a bunch of chopters
(86:04 / Allies) westonb: right over the main
(86:43 / Allies) westonb: about 20 sec for reveal
(87:09 / Allies) westonb: wow that c/d is way longer than i thought
(87:16 / Allies) westonb: oj
(87:57 / Allies) westonb: it's there ish
(88:37 / All) HIGHPERCH: gg
(88:39 / All) HIGHPERCH: leave
(88:43 / All) TIMG4STRok: im franz kafka bitch
(88:51 / Allies) westonb: metamorphasis
(88:53 / Allies) westonb: the book
(88:54 / All) Gobiner: he is franz kafka
(88:56 / All) Gobiner: franz kafka
(89:01 / Allies) westonb: that word is slow to type =[
(89:07 / All) Gobiner: becareful if you get him pissed
(89:28 / Allies) westonb: he's also the hulk, gob?
(89:53 / Allies) westonb: i like how they are patrolling with their orc units
(90:23 / Allies) westonb: hes 6
(91:37 / All) HIGHPERCH: let me tell y ou
(91:38 / All) HIGHPERCH: something
(91:42 / All) HIGHPERCH: its called hold position
(91:44 / Allies) westonb: you're an awful brother
(91:47 / Allies) westonb: =]
(91:53 / Allies) westonb: i jest
(92:16 / Allies) westonb: probably empty
(92:45 / Allies) westonb: linking
(92:50 / Allies) westonb: even the peons
(92:57 / Allies) westonb: oh
(92:57 / Allies) westonb: right
(95:27 / Allies) westonb: here they come
(95:56 / Allies) westonb: what's that mist?
(96:08 / Allies) westonb: oh
(96:18 / Allies) westonb: aaaaaah
(96:20 / Allies) westonb: ty
(97:39 / All) HIGHPERCH: bye
(98:01 / Allies) westonb: gob is out
(98:03 / Allies) westonb: back
(98:04 / Allies) westonb: rather
(98:05 / All) VeNat.: daaaa gj on 5 hour win i guess
(98:07 / All) VeNat.: fat skills
(98:08 / All) HIGHPERCH: leave
(98:12 / All) Gobiner: gj on 5 hour loss
(98:14 / All) Gobiner: nice skills
(98:27 / All) VeNat.: lol?
(98:30 / All) NastyNig: how long it take u guys to get icons playing like this?
(98:31 / All) VeNat.: mass less towers :D
(98:33 / All) Gobiner: thanks for free win
(98:41 / All) HIGHPERCH: clan towa http://highper.ch @ azeroth
(98:44 / All) VeNat.: wasn't really free if it took u hours
(98:45 / All) VeNat.: :)
(98:48 / All) HIGHPERCH: yep free thanks
(98:49 / All) Gobiner: 2ez nub
(98:52 / All) NastyNig: dumb shit
(99:06 / All) HIGHPERCH: begone noob
(99:08 / All) HIGHPERCH: ty for deny
(99:11 / All) HIGHPERCH: failure
(99:20 / All) Gobiner: I'm level 10 why are you denying
(99:20 / All) HIGHPERCH: how long you want to spend losing?
(99:36 / All) NastyNig: u guys rreally think u own or what?
(99:44 / All) Gobiner: ya we owned u
(99:45 / All) TIMG4STRok: no.........
(99:45 / All) HIGHPERCH: ladies and gentlemen i present exhibit a
(99:46 / All) HIGHPERCH: this game
(99:48 / All) TIMG4STRok: i KNOW i own!!!!
(99:54 / All) HIGHPERCH: case closed
(100:04 / All) Gobiner: I'm 90% with this strat
(100:56 / All) HIGHPERCH: ty for tc
(100:59 / All) HIGHPERCH: Noobed
(101:07 / All) HIGHPERCH: nop[e
(101:38 / Allies) westonb: water ele
(102:44 / All) westonb: gg
(102:48 / All) HIGHPERCH: http://jhighperch